 Dungeon Crawl Stone Soup version 0.18.1-48-g4cf74bf (webtiles) character file.

633 nikopol the Skirmisher (level 7, 0/62 HPs)
             Began as a Minotaur Berserker on Aug 28, 2016.
             Was a Priest of Trog.
             Slain by Grinder (4 damage)
             ... while paralysed by something
             ... on level 4 of the Dungeon on Aug 29, 2016.
             The game lasted 00:08:54 (3290 turns).

nikopol the Skirmisher (Minotaur Berserker)         Turns: 3290, Time: 00:08:54

Health: 0/62       AC:  4    Str: 21    XL:     7   Next: 24%
Magic:  6/6        EV:  2    Int:  4    God:    Trog [***...]
Gold:   128        SH:  0    Dex: 12    Spells: 0 memorised, 6 levels left

rFire  . . .     SeeInvis .     a - +0 hand axe
rCold  . . .     Gourm    .     v - +0 leather armour
rNeg   . . .     Faith    .     (no shield)
rPois  .         Spirit   .     (helmet restricted)
rElec  .         Dismiss  .     (no cloak)
rCorr  .         Reflect  .     r - +0 pair of gloves
SustAt .         Harm     .     (no boots)
MR     .....                    (no amulet)
Stlth  +.........               (no ring)
                                (no ring)

@: paralysed, not resistant to hostile enchantments, very unstealthy
A: retaliatory headbutt, horns 2
a: Berserk, Trog's Hand, Burn Spellbooks, Renounce Religion


You were on level 4 of the Dungeon.
You worshipped Trog.
Trog was most pleased with you.
You were near starving.

You visited 1 branch of the dungeon, and saw 4 of its levels.

You collected 128 gold pieces.

Inventory:

Hand Weapons
 a - a +0 hand axe (weapon)
Armour
 b - a +0 animal skin
 r - a +0 pair of gloves (worn)
 v - a +0 leather armour (worn)
Jewellery
 h - an uncursed ring of protection from magic {unknown}
 s - an uncursed ring of protection from fire {unknown}
Scrolls
 e - 4 scrolls of remove curse {unknown}
 f - 2 scrolls of recharging {unknown}
 g - a scroll of fear {unknown}
 k - a scroll of random uselessness {unknown}
 m - a scroll of blinking {unknown}
 o - a scroll of fog {unknown}
 p - 6 scrolls of identify {unknown}
 t - a scroll of teleportation {unknown}
 u - a scroll of immolation {unknown}
 w - a scroll of amnesia {unknown}
 x - a scroll of enchant armour {unknown}
Potions
 d - a potion of cure mutation {unknown}
 i - a potion of degeneration {unknown}
 n - a potion of curing {unknown}
 q - 3 potions of haste
Comestibles
 c - 2 bread rations
 j - 3 fruits
 l - 2 meat rations
 z - a royal jelly


   Skills:
 + Level 5.9 Fighting
 + Level 5.7 Axes
 + Level 5.4 Armour
 + Level 4.8 Dodging


You had 6 spell levels left.
You didn't know any spells.

Dungeon Overview and Level Annotations

Branches:
Dungeon (4/15)
 Temple: D:4-7

Altars:
Ashenzari
Elyvilon
The Shining One

Annotations:
D:4 Grinder


Innate Abilities, Weirdness & Mutations

You reflexively headbutt those who attack you in melee.
You have a pair of horns on your head.


Message History

Deactivating autopickup; reactivate with Ctrl-A.
No target in view!
You miss something. You headbutt something. Something hits you!
You writhe in agony.
You miss something. Something hits you but does no damage.
You hit something but do no damage.
Something tries to affect you, but you resist.
You barely miss something. Pain shoots through your body!
You miss something. Your headbutt misses something. Something hits you.
* * * LOW HITPOINT WARNING * * *
You writhe in agony.
* * * LOW HITPOINT WARNING * * *
You hit something but do no damage. You headbutt something!
You suddenly lose the ability to move!
Something hits you!
* * * LOW HITPOINT WARNING * * *
You writhe in agony.
* * * LOW HITPOINT WARNING * * *
Something hits you.
You die...

........###....#..
.................#
.................#
...............#
...............#
#........##..#
#......####.#
##...### #.##
#.@## ##.#### #.{#
#.#..# #..# ##.###
#... ##..##
....##### #....#
#.........##....#
................#
.$...............#
..............##


There were no monsters in sight!

Vanquished Creatures
  Sigmund (D:2)
  Menkaure (D:4)
  The ghost of Monsterface the Sneak, an amateur OpCj of Pakellas (D:3)
  2 orc priests (D:4)
  An orc wizard (D:3)
  A worker ant (D:4)
  3 gnolls (D:4)
  7 adders
  3 worms
  A giant gecko (D:1)
  11 orcs
  5 giant cockroaches
  7 goblins
  3 hobgoblins
  9 jackals
  A quokka (D:3)
  2 ball pythons (D:4)
  4 bats
  2 giant newts
  5 kobolds
  3 rats
73 creatures vanquished.

Vanquished Creatures (others)
  A quokka (D:4)
1 creature vanquished.

Grand Total: 74 creatures vanquished

Notes
Turn   | Place    | Note
--------------------------------------------------------------
     0 | D:1      | nikopol the Minotaur Berserker began the quest for the Orb.
     0 | D:1      | Reached XP level 1. HP: 19/19 MP: 0/0
   453 | D:1      | Found a shattered altar of Ashenzari.
   491 | D:1      | Reached XP level 2. HP: 25/27 MP: 1/1
   921 | D:2      | Found a glowing golden altar of the Shining One.
   942 | D:2      | Reached XP level 3. HP: 33/33 MP: 2/2
  1541 | D:2      | Reached ** piety under Trog
  1541 | D:2      | Reached XP level 4. HP: 28/41 MP: 3/3
  1593 | D:2      | Noticed Sigmund
  1601 | D:2      | Killed Sigmund
  1601 | D:2      | Reached skill level 5 in Fighting
  1601 | D:2      | Reached XP level 5. HP: 45/48 MP: 4/4
  1919 | D:3      | Found a faded altar to an unknown god.
  2050 | D:3      | Noticed Monsterface's ghost (amateur OpCj)
  2056 | D:3      | Killed Monsterface's ghost
  2056 | D:3      | Reached skill level 5 in Axes
  2056 | D:3      | Reached XP level 6. HP: 56/56 MP: 5/5
  2745 | D:4      | Reached *** piety under Trog
  2752 | D:4      | Reached skill level 5 in Armour
  2977 | D:4      | Found a white marble altar of Elyvilon.
  2980 | D:4      | Noticed Menkaure
  2990 | D:4      | Killed Menkaure
  2990 | D:4      | Reached XP level 7. HP: 25/62 MP: 6/6
  3278 | D:4      | Noticed Grinder
  3288 | D:4      | Paralysed by something for 3 turns
  3289 | D:4      | HP: 3/62 [something (3)]
  3290 | D:4      | Slain by Grinder

Skill      XL: |  1  2  3  4  5  6 |
---------------+-------------------+-----
Fighting       | 4 5 |  5.9
Armour         | 3 4 5 |  5.4
Axes           | 4 5 |  5.7
Dodging        | 3 4 |  4.8

Action                   |  1- 3 |  4- 6 |  7- 9 || total
-------------------------+-------+-------+-------++-------
Melee: Hand axe          |    61 |   102 |    13 ||   176
       Headbutt          |     6 |    18 |     2 ||    26
Invok: Berserk           |       |     4 |       ||     4
  Eat: Chunk             |     2 |     8 |       ||    10
Armor: Animal skin       |    14 |     3 |       ||    17
       Leather armour    |       |    14 |     1 ||    15
Dodge: Dodged            |    40 |    59 |     1 ||   100
